 Dungeon Crawl Stone Soup version 0.30.0-10-gfe55d96785 (webtiles) character file.

Game seed: 8599218222383685995

232 fozzywoppz the Chopper (level 5, -1/43 HPs)
             Began as a Demonspawn Gladiator on May 13, 2023.
             Slain by a white imp (3 damage)
             ... on level 3 of the Dungeon.
             The game lasted 00:03:15 (1913 turns).

fozzywoppz the Chopper (Demonspawn Gladiator)       Turns: 1913, Time: 00:03:16

Health: -1/43      AC:  4    Str: 16    XL:     5   Next: 73%
Magic:  5/5        EV: 12    Int:  9    God:
Gold:   68         SH:  0    Dex: 15    Spells: 4/4 levels left

rFire   . . .        a - +0 war axe
rCold   . . .        (no shield)
rNeg    . . .        b - +0 leather armour
rPois   .            (helmet restricted)
rElec   .            (no cloak)
rCorr   .            (no gloves)
SInv    .            j - +0 pair of boots
Will    .....        (no amulet)
Stlth   +            (no ring)
HPRegen 0.27/turn    (no ring)
MPRegen 0.09/turn

%: no passive effects
@: no status effects
A: horns 1, foul stench 1, powered by death 1
a: no special abilities


You were on level 3 of the Dungeon.
You visited 1 branch of the dungeon, and saw 3 of its levels.
You also visited: Sewer.

You collected 68 gold pieces.

Inventory:

Hand Weapons
 a - a +0 war axe (weapon)
Missiles
 d - 2 throwing nets (quivered)
 e - 3 javelins
 g - 3 boomerangs
Armour
 b - a +0 leather armour (worn)
 c - a +0 helmet
 h - a +0 chain mail
 j - a +0 pair of boots (worn)
Scrolls
 l - a scroll of blinking {unknown}
 n - 2 scrolls of enchant armour {unknown}
 p - 2 scrolls of noise {unknown}
 q - a scroll of identify {unknown}
Potions
 f - 3 potions of curing
 i - 2 potions of ambrosia {unknown}
 k - 4 potions of brilliance {unknown}
 m - 3 potions of flight
 o - a potion of lignification {unknown}
 r - a potion of heal wounds


   Skills:
 + Level 4.4 Fighting
 + Level 4.5 Axes
 - Level 2.0 Throwing
 - Level 2.6 Dodging


You had 4 spell levels left.
You didn't know any spells.
Your spell library was empty.

Dungeon Overview and Level Annotations

Branches:
Dungeon (2/15)              Sewer (visited)

Altars:


Innate Abilities, Weirdness & Mutations

You have a pair of small horns on your head.
You may rarely emit foul miasma when damaged in melee.
You regenerate a little health from kills.


Message History

You hit the quokka but do no damage. Your headbutt misses the quokka.
The quokka is engulfed in dark miasma.
The quokka is poisoned.
You kill the quokka!
You see here a quokka corpse.
HP restored.
You enter the shallow water.
Moving in this stuff is going to be slow.
You enter the shallow water.
Moving in this stuff is going to be slow.
You enter the shallow water.
Moving in this stuff is going to be slow.
Found a stone staircase leading down.
An adder comes into view.
Found a dagger.
A white imp comes into view.
Found an escape hatch in the ceiling.
The white imp gestures at you. The puff of frost hits you!
You miss the adder.
You headbutt the adder, but do no damage.
The white imp gestures at you. The puff of frost hits you!
The adder barely misses you. x2
The white imp gestures at you. The puff of frost hits you.
* * * LOW HITPOINT WARNING * * *
You barely miss the adder. The adder closely misses you. The adder misses you.
You slash the adder!
The adder is almost dead.
The adder barely misses you.
You hit the adder. You headbutt the adder.
You kill the adder!
You closely miss the white imp. The white imp hits you.
* * * LOW HITPOINT WARNING * * *
The white imp freezes you.
* * * LOW HITPOINT WARNING * * *
The white imp grinds its teeth.
The white imp hits you.
* * * LOW HITPOINT WARNING * * *
The white imp freezes you.
You die...

#.# #.#
#.########
#.#.......
#.#.......
#.#.....<.
###.#.......
###...#.......
#...#>@5...)..
#.~#########..
#~~~~.~.~..##
##~~≈≈≈≈≈≈†.#
#########..#
##≈≈≈≈≈≈..#
##.~.....~##
#..≈≈≈≈≈≈##
#..#######


You could see a white imp.

Vanquished Creatures
  2 kobold brigands (Sewer)
  A gnoll (D:1)
  3 adders
  A river rat (Sewer)
  A worm (D:2)
  A dart slug (D:2)
  5 endoplasms
  3 giant cockroaches
  3 goblins
  3 hobgoblins
  4 jackals
  5 quokkas
  A ball python (D:1)
  3 bats
  6 kobolds
  5 rats
47 creatures vanquished.

Notes
Turn   | Place    | Note
-------+----------+-------------------------------------------
     0 | D:1      | fozzywoppz the Demonspawn Gladiator began the quest for the
                  | Orb.
     0 | D:1      | Reached XP level 1. HP: 16/16 MP: 1/1
   452 | D:1      | Found a faded altar of an unknown god.
   468 | D:1      | Gained mutation: You regenerate a little health from kills.
                  | [demonic ancestry]
   468 | D:1      | Reached XP level 2. HP: 19/22 MP: 2/2
  1153 | D:2      | Gained mutation: You may rarely emit foul miasma when
                  | damaged in melee. [demonic ancestry]
  1153 | D:2      | Reached XP level 3. HP: 28/28 MP: 3/3
  1599 | D:2      | Reached XP level 4. HP: 35/35 MP: 4/4
  1637 | D:2      | You fall into a shaft and drop 1 floor!
  1637 | D:3      | Found a glowing drain.
  1650 | Sewer    | Entered a sewer
  1709 | Sewer    | Noticed a kobold brigand
  1719 | Sewer    | Noticed a kobold brigand
  1733 | Sewer    | Killed a kobold brigand
  1734 | Sewer    | Gained mutation: You have a pair of small horns on your
                  | head. [demonic ancestry]
  1734 | Sewer    | Reached XP level 5. HP: 17/42 MP: 5/5
  1913 | D:3      | HP: 2/43 [white imp (4)]
  1913 | D:3      | Slain by a white imp

Illustrated notes

Levels and vault maps discovered:
D:1:      nicolae_arrival_washed_ashore, layout_loops_cross,
          serial_co_window_serial, co_window_paths_a, co_window_paths_a,
          co_window_paths_b, co_window_paths_a, co_window_corner_a,
          co_window_broadway_c, co_window_cross_4, co_window_of_opportunity_b,
          co_window_broadway_c, co_window_unsneaky_path_d, co_window_corner_b,
          co_window_4corner_b, glass_columns_b,
          hellmonk_ecumenical_altar_dog_temple, minmay_tromino_i4
D:2:      layout_basic, kennysheep_nondescript, grunt_decor_fettered,
          serial_park_tiny_2, kennysheep_another_room,
          nicolae_elevator_lobby_asterisk
D:3:      layout_basic, doesnt_xom_only_xom, gup_sewer_entry_pipe, serial_shops,
          nicolae_shop_behind_doors, uniq_terence

Skill      XL: |  1  2  3  4  5 |
---------------+----------------+-----
Throwing       | 2 |  2.0
Axes           | 3 4 |  4.5
Fighting       | 3 4 |  4.4
Dodging        | |  2.6

Action                     |  1- 3 |  4- 6 || total
---------------------------+-------+-------++-------
  Melee: War axe           |   110 |    44 ||   154
         Punch             |     1 |       ||     1
         Headbutt          |       |     2 ||     2
  Throw: Throwing net      |       |     2 ||     2
   Stab: Sleeping          |     1 |       ||     1
         Held in net/web   |       |     1 ||     1
 Armour: Leather armour    |    51 |     5 ||    56
  Dodge: Dodged            |    84 |    40 ||   124
